 Dungeon Crawl Stone Soup version 0.28-a0-21-gf74fda84f9 (webtiles) character file.

Game seed: 4788190849075198585

53895 ElenaBorisovna the Bludgeoner (level 15, -1/124 HPs)
             Began as a Formicid Warper on July 23, 2021.
             Was a Priest of Ashenzari.
             Slain by Snorg (4 damage)
             ... on level 2 of the Orcish Mines on July 26, 2021.
             The game lasted 00:42:01 (34390 turns).

ElenaBorisovna the Bludgeoner (Formicid Warper)    Turns: 34390, Time: 00:42:01

Health: -1/124     AC: 18    Str: 21    XL:     15   Next: 11%
Magic:  20/20      EV:  8    Int: 14    God:    Ashenzari [***...]
Gold:   1614       SH: 13    Dex: 10    Spells: 21/21 levels left

rFire   + . .      SeeInvis +   O - +8 frozen axe "Frostbite" {freezing cloud, *Noise Fly rC+, Elem, Melee} (curse)
rCold   + . .      Faith    .   d - +0 kite shield "Esoteric Sybil" {Fort, Self} (curse)
rNeg    . . .      Spirit   .   J - +0 plate armour "Omen of Ashenzari" {Cun, Fort} (curse)
rPois   .          Reflect  .   (helmet unavailable)
rElec   .          Harm     .   G - +0 cloak "At What Cost Knowledge?" {Fort, Bglg} (curse)
rCorr   .          Rampage  .   I - +0 pair of gloves
Will    +....      Clarity  +   (no boots)
Stlth   ..........              (no amulet)
HPRegen 0.30/turn               N - ring of protection from fire
MPRegen 0.17/turn               (no ring)

@: flying
A: permanent stasis, dig shafts and tunnels, antennae 3, four strong arms
a: Dig, Shaft Self, Renounce Religion, Curse Item, Shatter the Chains


You were on level 2 of the Orcish Mines.
You worshipped Ashenzari.
Ashenzari was most pleased with you.
You visited 4 branches of the dungeon, and saw 22 of its levels.
You also visited: Ossuary.

You collected 1614 gold pieces.

Inventory:

Hand Weapons
 a - a +0 falchion
 e - a +1 dagger of flaming
 p - a +2 trident of protection
 D - a +0 hunting sling of flaming
 H - a +3 war axe
 L - a +9 vorpal eveningstar
 O - the cursed +8 frozen axe "Frostbite" (weapon) {freezing cloud, *Noise Fly rC+, Elem, Melee}
   (You found it on level 10 of the Dungeon)

   It freezes those it strikes, dealing additional cold damage.
   It can also slow down cold-blooded creatures.
   It occasionally leaves clouds of freezing vapour upon striking a foe.
   It grants immunity to clouds of freezing vapour.
   rC:        It protects you from cold.
   Fly:       It grants you flight.
   *Noise:    It may make noises in combat.
   It has a curse which improves the following skills: Elements: Fire Magic, Ice
   Magic, Air Magic and Earth Magic.
   Melee Combat: Short Blades, Long Blades, Axes, Maces & Flails, Polearms,
   Staves and Unarmed Combat.
Missiles
 l - 75 poisoned darts (quivered)
 n - 12 boomerangs
 x - 4 throwing nets
 E - 70 sling bullets
 M - 10 javelins
Armour
 b - a +0 leather armour
 d - the cursed +0 kite shield "Esoteric Sybil" (worn) {Fort, Self}
   (You found it on level 1 of the Dungeon)

   It has a curse which improves the following skills: Fortitude: Armour and
   Shields.
   Introspection: Fighting and Spellcasting.
 i - a +1 cloak
 j - a +0 ring mail
 k - a +0 hat
 A - the +0 helmet of Udghaem {Rampage Int+5 Dex-4 Stlth+}
   (You found it on level 5 of the Dungeon)

   Int:       It affects your intelligence (+5).
   Dex:       It affects your dexterity (-4).
   Rampage:   It bestows one free step when moving towards enemies.
   Stlth:     It makes you more stealthy.
 G - the cursed +0 cloak "At What Cost Knowledge?" (worn) {Fort, Bglg}
   (You found it on level 9 of the Dungeon)

   It has a curse which improves the following skills: Fortitude: Armour and
   Shields.
   Beguiling: Conjurations, Hexes and Translocations.
 I - a +0 pair of gloves (worn)
 J - the cursed +0 plate armour "Omen of Ashenzari" (worn) {Cun, Fort}
   (You found it on level 11 of the Dungeon)

   It has a curse which improves the following skills: Cunning: Dodging and
   Stealth.
   Fortitude: Armour and Shields.
 R - a +2 cloak
Jewellery
 h - a +6 ring of intelligence
 o - a +6 ring of intelligence
 y - a ring of positive energy
 K - a +4 ring of evasion
 N - a ring of protection from fire (left hand)
Wands
 m - a wand of paralysis (5)
 s - a wand of flame (20)
 B - a wand of polymorph (11)
 Q - a wand of charming (6)
 T - a wand of iceblast (20)
Scrolls
 c - 3 scrolls of enchant armour
 f - a scroll of blinking
 g - 12 scrolls of identify
 t - 3 scrolls of holy word
 w - 4 scrolls of amnesia
 z - 2 scrolls of silence
 F - 3 scrolls of fog
 S - a scroll of enchant weapon
Potions
 q - 5 potions of flight
 r - 4 potions of brilliance
 u - a potion of mutation
 v - 5 potions of attraction
 C - 7 potions of ambrosia


   Skills:
 + Level 11.7(13.4) Fighting
 - Level 9.4(11.6) Short Blades
 - Level 5.1(9.2) Long Blades
 + Level 4.2(11.7) Axes
 - Level 15.2(16.9) Maces & Flails
 - Level 1.8(2.0) Slings
 - Level 1.0(1.4) Throwing
 - Level 8.2(12.0) Armour
 - Level 1.7(3.1) Dodging
 - Level 11.7(15.1) Shields
 - Level 2.1(3.6) Spellcasting
 - Level 2.6(4.2) Translocations


You had 21 spell levels left.
You didn't know any spells.
Your spell library contained the following spells:

 Spells                   Type           Power      Damage    Failure   Level
 Gell's Gravitas          Tloc           7%         N/A       80%         3
 Lesser Beckoning         Tloc           7%         N/A       80%         3
 Teleport Other           Tloc           14%        N/A       80%         3
 Sandblast                Erth           6%         2d5       94%         1
 Beastly Appendage        Tmut           4%         N/A       95%         1
 Ensorcelled Hibernation  Hex/Ice        6%         N/A       98%         2
 Passwall                 Tmut/Erth      1%         N/A       98%         2
 Sublimation of Blood     Necr           1%         N/A       99%         2
 Wereblood                Tmut           2%         N/A       99%         2
 Dazzling Flash           Conj/Hex       6%         N/A       100%        3
 Spider Form              Tmut/Pois      1%         N/A       100%        3
 Agony                    Necr           2%         N/A       100%        5
 Lee's Rapid Deconstruct  Erth           1%         3d5*      100%        5
 Manifold Assault         Tloc           14%        N/A       100%        5
 Silence                  Hex/Air        1%         N/A       100%        5
 Shadow Creatures         Summ           N/A        N/A       100%        6
 Summon Hydra             Summ           1%         N/A       100%        7
 Blink                    Tloc           Unusable   N/A       N/A         2

Dungeon Overview and Level Annotations

Branches:
Dungeon (13/15)            Temple (1/1) D:4            Lair (6/6) D:11
 Shoals (0/4) Lair:3       Spider (0/4) Lair:4        Slime (0/5) Lair:6
    Orc (2/2) D:10            Elf (0/3) Orc:2       Ossuary (visited)
 Vaults: D:13-14

Altars:
Ashenzari
Cheibriados
Dithmenos
Elyvilon
Kikubaaqudgha
Okawaru
Qazlal
Ru
Uskayaw
The Shining One
Beogh
Jiyva

Shops:
Orc:1 (   Orc:2 *

Annotations:
D:7 1 runed translucent door, Crazy Yiuf
D:8 Harold
D:11 2 transporters, Anon1729's ghost, journeyman FoHu
D:13 Azrael
Lair:1 Fannar
Lair:3 exclusion: 3 oklob plants
Orc:2 Snorg


Innate Abilities, Weirdness & Mutations

You cannot be hasted, slowed, berserked, paralysed or teleported.
You can dig through walls and to a lower floor.
You have a pair of large antennae on your head. (SInv)
Your four strong arms can wield two-handed weapons with a shield.


Message History

Unknown command.
You slash Snorg! You freeze Snorg.
Snorg is severely wounded.
You barely miss the orc warrior.
Your cursed plate armour "Omen of Ashenzari" prevents you from hitting the orc priest.
You hear the wailing of sirens.
You hear a shout! x5; You hear a howl!
You block Snorg's attack. Snorg claws you but does no damage.
You block Snorg's attack. x2; Snorg claws you.
* * * LOW HITPOINT WARNING * * *
Snorg barely misses you. The orc hits you but does no damage.
The orc priest begins to cast a cantrip, but forgets the words!
Unknown command.
Unknown command.
Unknown command.
You slash Snorg! You freeze Snorg.
The cursed frozen axe "Frostbite" yells in some weird language.
Snorg is severely wounded.
You slash the orc warrior! You freeze the orc warrior.
You slash the orc priest! You freeze the orc priest.
You kill the orc priest!
You hear a shout!
Snorg bites you!!
* * * LOW HITPOINT WARNING * * *
Snorg claws you but does no damage. You block Snorg's attack.
You block the orc's attack. Snorg bites you.
* * * LOW HITPOINT WARNING * * *
Snorg claws you but does no damage. Snorg barely misses you.
The orc priest mumbles some strange prayers to Beogh against you.
Beogh smites you!
* * * LOW HITPOINT WARNING * * *
The orc priest closely misses you. You block the orc warrior's attack.
An orc warrior comes into view. It is wielding a +0 mace.
An orc comes into view. It is wielding a +0 flail.
Okay, then.
The orc warrior shouts!
You slash the orc priest! You freeze the orc priest.
You kill the orc priest!
You hit the orc warrior but do no damage.
You barely miss Snorg. Snorg bites you.
You die...

, ....#* ...... ,, *
< ....###...... , , ,
#....#.....#, , *
#........# ,, , ,
#.......# , * ,..,
##......# * , , ...
#.......## , , .... *
#.......#*
#...####...#)@T#{o* ,
#.......^..##o).o..oo
**
#........##.ooooo...
#......#####........
##......###.........
, * ,
##...)............. ,
#............##.... ,
, ##.##.........#####
## #......#. *


You could see Snorg (berserk), 3 orc warriors, an orc priest and 5 orcs.

Vanquished Creatures
  Gastronok (Lair:1)
  2 boulder beetles
  10 hydras
  A death knight (D:12)
  2 two-headed ogres
  Urug (D:11)
  An orc knight (Orc:2)
  A lindwurm (Lair:1)
  3 manticores
  13 cane toads
  6 black mambas
  2 gargoyles (D:12)
  3 rime drakes
  3 kobold demonologists
  Psyche (D:12)
  10 komodo dragons
  4 ice devils
  3 freezing wraiths (D:10)
  A demonic crawler (Lair:3)
  A queen bee (Lair:2)
  2 polar bears (Lair:5)
  3 trolls
  24 blink frogs
  9 dream sheep (Lair:4)
  2 shadows
  A vampire (D:9)
  19 yaks
  4 wraiths
  6 wyverns
  2 fire elementals (D:12)
  2 hogs (Lair:4)
  3 basilisks
  4 wargs
  Menkaure (D:6)
  15 water moccasins
  2 hell hounds
  Duvessa (D:7)
  13 orc warriors
  A sky beast (D:6)
  7 black bears
  2 necrophages
  25 wolves
  2 centaurs
  3 ogres
  A phantom (D:6)
  3 kobold brigands
  13 bullfrogs
  9 scorpions
  A wyvern zombie (D:8)
  Dowan (D:7)
  A water moccasin skeleton (D:6)
  6 wights
  22 killer bees
  5 howler monkeys
  2 vampire bats (Lair:3)
  2 electric eels (Lair:2)
  5 centaur zombies
  2 jellies
  A gnoll shaman (D:6)
  6 hounds
  2 bullfrog skeletons (D:6)
  A human zombie (D:8)
  18 orc priests
  A centaur skeleton (D:6)
  9 iguanas
  A scorpion zombie (D:5)
  12 orc wizards
  A hound zombie (D:5)
  12 mummies
  2 howler monkey zombies (D:9)
  7 gnolls
  8 adders
  A river rat (D:8)
  3 shadow imps
  6 white imps
  An ufetubus (D:5)
  2 worms
  A dart slug (D:2)
  71 orcs
  8 endoplasms
  6 giant cockroaches
  6 hobgoblins
  16 jackals
  24 kobolds
  4 quokkas
  8 ball pythons
  15 bats
  4 goblins
  4 hobgoblin zombies
  3 kobold zombies (Ossuary)
  5 orc zombies
  5 rats
569 creatures vanquished.

Vanquished Creatures (collateral kills)
  Kirke (Lair:4)
  A wind drake (Lair:3)
  A wolf (Lair:3)
3 creatures vanquished.

Vanquished Creatures (others)
  A human (Lair:4)
  A cane toad (Lair:4)
  A water moccasin (Lair:4)
  A kobold (D:7)
  38 fungi
  50 plants
92 creatures vanquished.

Grand Total: 664 creatures vanquished

Notes
Turn   | Place    | Note
-------+----------+-------------------------------------------
     0 | D:1      | ElenaBorisovna the Formicid Warper began the quest for the
                  | Orb.
     0 | D:1      | Reached XP level 1. HP: 16/16 MP: 3/3
   249 | D:1      | Reached XP level 2. HP: 14/22 MP: 5/5
   908 | D:1      | Found a faded altar of an unknown god.
  1114 | D:1      | Became a worshipper of Ashenzari the Shackled
  1231 | D:2      | Reached XP level 3. HP: 24/27 MP: 6/6
  2153 | D:2      | Reached XP level 4. HP: 22/33 MP: 7/7
  3117 | D:3      | Reached skill level 5 in Long Blades
  3117 | D:3      | Reached XP level 5. HP: 20/39 MP: 8/8
  3620 | D:3      | Found a white marble altar of Elyvilon.
  3620 | D:3      | Found a hide-covered altar of Uskayaw.
  4190 | D:4      | Reached skill level 1 in Short Blades
  4283 | D:4      | Reached * piety under Ashenzari
  4310 | D:4      | Found a sand-covered staircase.
  4315 | Ossuary  | Entered an ossuary
  4369 | Ossuary  | Reached XP level 6. HP: 36/47 MP: 10/10
  5461 | D:4      | Found a staircase to the Ecumenical Temple.
  5477 | Temple   | Entered the Ecumenical Temple
  6077 | D:4      | Reached skill level 1 in Shields
  6081 | D:4      | Reached XP level 7. HP: 51/52 MP: 11/11
  6198 | D:4      | Reached ** piety under Ashenzari
  6882 | D:4      | Noticed a water moccasin
  6903 | D:4      | Killed a water moccasin
  7165 | D:5      | Entered Level 5 of the Dungeon
  7389 | D:5      | Noticed a water moccasin
  7396 | D:5      | Killed a water moccasin
  7397 | D:5      | Reached skill level 5 in Short Blades
  7397 | D:5      | Reached XP level 8. HP: 63/63 MP: 13/13
  8114 | D:5      | Identified the +0 helmet of Udghaem {Rampage Int+5 Dex-4
                  | Stlth+}
  8124 | D:5      | Reached skill level 5 in Fighting
  8229 | D:5      | Reached skill level 5 in Shields
  8584 | D:5      | Reached XP level 9. HP: 35/72 MP: 14/14
  9129 | D:6      | Noticed Menkaure
  9136 | D:6      | Killed Menkaure
  9188 | D:6      | Found a sacrificial altar of Ru.
 10720 | D:7      | Found a runed translucent door.
 10721 | D:7      | Noticed Crazy Yiuf
 10965 | D:7      | Noticed Duvessa
 10965 | D:7      | Noticed Dowan
 10976 | D:7      | Killed Duvessa
 10977 | D:7      | Reached XP level 10. HP: 83/83 MP: 15/15
 10982 | D:7      | Killed Dowan
 11151 | D:7      | Found a snail-covered altar of Cheibriados.
 11365 | D:8      | Noticed Joseph
 11463 | D:8      | Noticed Joseph
 11463 | D:8      | Joseph changed into Joseph the river rat
 11466 | D:8      | Killed Joseph the river rat
 11651 | D:8      | Reached skill level 1 in Slings
 11707 | D:8      | Found an ancient bone altar of Kikubaaqudgha.
 12020 | D:8      | Noticed Harold
 12323 | D:9      | Found a shadowy altar of Dithmenos.
 13340 | D:9      | Found a stormy altar of Qazlal.
 13386 | D:9      | Found a glowing golden altar of the Shining One.
 13535 | D:9      | Reached *** piety under Ashenzari
 13865 | D:10     | Entered Level 10 of the Dungeon
 14263 | D:10     | Found a staircase to the Orcish Mines.
 14388 | D:10     | Noticed a kobold demonologist
 14417 | D:10     | Noticed an ice devil
 14418 | D:10     | Killed a kobold demonologist
 14419 | D:10     | Reached XP level 11. HP: 92/93 MP: 16/16
 14847 | D:10     | Reached skill level 10 in Shields
 15151 | D:9      | You fall into a shaft and drop 1 floor!
 15486 | D:11     | Noticed a manticore
 15508 | D:11     | Killed a manticore
 15994 | D:11     | Reached skill level 10 in Fighting
 16085 | D:11     | Found a staircase to the Lair.
 16167 | D:11     | Found a transporter.
 16242 | D:11     | Found a transporter.
 16242 | D:11     | Noticed a manticore
 16243 | D:11     | Noticed Anon1729's ghost (journeyman FoHu)
 16254 | D:11     | Killed a manticore
 16430 | D:11     | Noticed a boulder beetle
 16444 | D:11     | Killed a boulder beetle
 16650 | D:11     | Noticed a two-headed ogre
 16660 | D:11     | Killed a two-headed ogre
 16876 | Lair:1   | Entered Level 1 of the Lair of Beasts
 16899 | Lair:1   | Noticed a lindwurm
 16916 | Lair:1   | Killed a lindwurm
 16917 | Lair:1   | Noticed Urug
 17143 | D:11     | Killed Urug
 17396 | Lair:1   | Reached skill level 5 in Armour
 17408 | Lair:1   | Reached XP level 12. HP: 92/103 MP: 17/17
 17493 | Lair:1   | Reached skill level 1 in Maces & Flails
 17792 | Lair:1   | Reached skill level 2 in Maces & Flails
 17815 | Lair:1   | Noticed Gastronok
 17892 | Lair:1   | You fall into a shaft and drop 1 floor!
 18292 | Lair:2   | Reached skill level 3 in Maces & Flails
 18698 | Lair:2   | Reached skill level 4 in Maces & Flails
 19285 | Lair:2   | Reached skill level 5 in Maces & Flails
 20042 | Lair:2   | Reached skill level 6 in Maces & Flails
 21021 | Lair:1   | You fall into a shaft and drop 1 floor!
 21154 | Lair:1   | Killed Gastronok
 21155 | Lair:1   | Reached skill level 7 in Maces & Flails
 21155 | Lair:1   | Reached XP level 13. HP: 39/108 MP: 18/18
 21205 | Lair:1   | Reached skill level 8 in Maces & Flails
 21934 | Lair:1   | Reached skill level 9 in Maces & Flails
 22039 | Lair:1   | Upgraded the game from 0.28-a0-8-g6e044cfa68 to
                  | 0.28-a0-21-gf74fda84f9
 22709 | Lair:1   | Noticed Fannar
 22974 | Lair:3   | Found a staircase to the Shoals.
 23084 | Lair:3   | Reached skill level 10 in Maces & Flails
 23966 | Lair:3   | Noticed an eight-headed hydra
 23976 | Lair:3   | Killed an eight-headed hydra
 23977 | Lair:3   | Reached skill level 11 in Maces & Flails
 24662 | Lair:3   | Noticed a boulder beetle
 24717 | Lair:3   | Killed a boulder beetle
 25496 | Lair:4   | Found a hole to the Spider Nest.
 25501 | Lair:4   | Noticed a six-headed hydra
 25512 | Lair:4   | Killed a six-headed hydra
 25620 | Lair:4   | Reached skill level 12 in Maces & Flails
 26294 | Lair:4   | Noticed an eight-headed hydra
 26549 | Lair:4   | Noticed an eight-headed hydra
 26559 | Lair:4   | Killed an eight-headed hydra
 26560 | Lair:4   | Reached XP level 14. HP: 80/115 MP: 19/19
 26764 | Lair:4   | Noticed Kirke
 26818 | Lair:4   | HP: 5/111 [hog[Kirke] (13)]
 26818 | Lair:4   | Killed Kirke
 26818 | Lair:4   | Identified the cursed +0 cloak "At What Cost Knowledge?"
                  | {Fort, Bglg} (You found it on level 9 of the Dungeon)
 26818 | Lair:4   | Identified the cursed +0 kite shield "Esoteric Sybil"
                  | {Fort, Self} (You found it on level 1 of the Dungeon)
 26818 | Lair:4   | Identified the cursed +0 plate armour "Omen of Ashenzari"
                  | {Cun, Fort} (You found it on level 11 of the Dungeon)
 26819 | Lair:4   | Reached skill level 13 in Maces & Flails
 28714 | Lair:4   | Reached skill level 14 in Maces & Flails
 30227 | Lair:6   | Entered Level 6 of the Lair of Beasts
 30371 | Lair:6   | Found a viscous altar of Jiyva.
 30371 | Lair:6   | Found a staircase to the Slime Pits.
 30410 | Lair:6   | Reached skill level 15 in Maces & Flails
 31193 | D:10     | Found the +8 frozen axe "Frostbite" {freezing cloud, *Noise
                  | Fly rC+}
 31702 | D:12     | Found an iron altar of Okawaru.
 31704 | D:12     | Identified the +4 mace "Laogosk" {vorpal, Fly rC+ rN+
                  | Dex-3}
 31714 | D:12     | Reached skill level 1 in Axes
 32850 | D:12     | Noticed Psyche
 32852 | D:12     | Killed Psyche
 32930 | D:13     | Noticed Azrael
 33113 | Orc:1    | Entered Level 1 of the Orcish Mines
 33152 | Orc:1    | Found Jiqiagh's Antique Weapon Shop.
 33314 | Orc:2    | Entered Level 2 of the Orcish Mines
 33320 | Orc:2    | Reached XP level 15. HP: 118/123 MP: 20/20
 33616 | Orc:2    | Found a staircase to the Elven Halls.
 33859 | Orc:2    | Found Ceorih's General Store.
 34380 | Orc:2    | Noticed Snorg
 34389 | Orc:2    | HP: 3/124 [orc priest/divine providence (7)]
 34390 | Orc:2    | Slain by Snorg

Illustrated notes

Levels and vault maps discovered:
D:1:      minmay_arrival_loop, layout_rooms, ebering_ecumenical_altar_hall
D:2:      layout_loops_cross, minmay_misc_feat_diagonals
D:3:      layout_basic, mainiacjoe_overflow_divided_tiny
D:4:      layout_loops_corners, minmay_temple_entry_sparse_star,
          enter_ossuary_2, minmay_mini_ossuary
D:5:      kennysheep_windowed_halls, layout_cave_pools
D:6:      layout_basic, nicolae_ru_awakened_eye, portal_sewer_entry_f,
          uniq_menkaure
D:7:      layout_gridville, cheibrodos_worm_habitat, uniq_duvessa,
          uniq_crazy_yiuf_cottage
D:8:      minmay_spotlight, layout_basic, lemuel_mausoleum_altar_kikubaaqudgha,
          serial_shops, shop_coins, abandoned_shop, uniq_harold, uniq_joseph
D:9:      layout_basic, tso_oasis_becter, nicolae_dithmenos_the_darkroom,
          grunt_qazlal_clouds
D:10:     layout_irregular_city, david_orc_5, hellmonk_guarded_unrand_frostbite
D:11:     layout_loops_ring, david_lair_generic, gammafunk_ghost_mausoleum
D:12:     layout_loops_corners, portal_ice_cave_entry_pillars_2,
          okawaru_ov_weapons_minmay, uniq_psyche
D:13:     layout_basic, grunt_vaults_entry_fortified, kennysheep_treasure_room,
          uniq_azrael
Temple:   minmay_temple_curvy_branch
Lair:1:   layout_loops_ring, uniq_gastronok, uniq_fannar, uniq_urug
Lair:2:   layout_loops_ring, special_room [special_room_bee],
          beast_lair_carwin_7, serial_bayou_shore_b, serial_bayou_shore_a,
          grunt_megastairs_1
Lair:3:   layout_regular_city, minmay_shoals_entry_beasts, roderic_batcave,
          serial_bayou_shore_b, infiniplex_staircase_pool_2,
          minmay_lair_oklob_chamber
Lair:4:   nzn_winding_woodlands_medium [nzn_winding_woodlands_hourglass,
          nzn_winding_woodlands_5x15_split_checker,
          nzn_winding_woodlands_5x5_checkerboard,
          nzn_winding_woodlands_5x5_cross,
          nzn_winding_woodlands_center_pierced_h,
          nzn_winding_woodlands_5x5_open_star,
          nzn_winding_woodlands_5x5_perimeter, nzn_winding_woodlands_5x15_eye,
          nzn_winding_woodlands_5x5_three], layout_small_grid,
          nicolae_spider_entry_non_spiders, nicolae_volcano_entry_hallway,
          uniq_kirke
Lair:5:   layout_cave_pods, gammafunk_lair_bear_cave
Lair:6:   cheibrodos_lair_end_hotspot, layout_big_grid, slime_altar_1,
          serial_bayou_pond_d
Orc:1:    layout_caves, gammafunk_ghost_cemetery, serial_shops,
          nicolae_shop_temple_entry_statues_fountains
Orc:2:    pf_orc_diabolical, layout_diamond_mine, mines2_david, uniq_snorg,
          uniq_saint_roka

Skill      XL: |  1  2  3  4  5  6  7  8  9 10 11 12 13 14 15 |
---------------+----------------------------------------------+-----
Long Blades    | 3 4 5 |  5.1
Short Blades   | 2 4 5 6 7 9 |  9.4
Shields        | 1 3 5 7 9 11 | 11.7
Fighting       | 4 5 7 9 10 11 | 11.7
Slings         | 1 |  1.8
Armour         | 5 8 |  8.2
Maces & Flails | 7 12 15 | 15.2
Axes           | 3 4 |  4.2
Throwing       | |  1.0
Dodging        | |  1.7
Spellcasting   | |  2.1
Translocations | |  2.6

Action                   |  1- 3 |  4- 6 |  7- 9 | 10-12 | 13-15 || total
-------------------------+-------+-------+-------+-------+-------++-------
Melee: Falchion          |   120 |    61 |       |       |       ||   181
       Dagger            |       |   214 |   453 |  1084 |       ||  1751
       Eveningstar       |       |       |       |    35 |   551 ||   586
       Executioner's axe |       |       |       |       |   147 ||   147
       Unarmed           |       |       |       |       |    10 ||    10
Throw: Boomerang         |     5 |       |       |       |       ||     5
       Dart              |       |       |       |       |     6 ||     6
Invok: Curse Item        |       |     2 |     1 |     2 |     1 ||     6
       Shatter the Chain |       |       |       |     2 |       ||     2
 Abil: Shaft Self        |       |       |       |     3 |       ||     3
       Dig               |       |       |       |       |     9 ||     9
Evoke: Wand              |       |       |    11 |    15 |    21 ||    47
  Use: Potion            |       |       |     4 |     6 |     5 ||    15
       Scroll            |       |       |       |     5 |     7 ||    12
Armor: Leather armour    |    66 |    13 |       |       |       ||    79
       Ring mail         |       |    22 |       |       |       ||    22
       Chain mail        |       |   110 |   107 |   104 |       ||   321
       Plate armour      |       |       |       |   149 |   385 ||   534
Dodge: Dodged            |    70 |    61 |    82 |   159 |   231 ||   603
Block: Kite shield       |    62 |   131 |   175 |   465 |   579 ||  1412
       Rpst.: Falchion   |    21 |     9 |       |       |       ||    30

Table legend: (Time is in decaauts)
 A = Elapsed time spent in this place.
 B = Non-inter-level travel time spent in this place.
 C = Inter-level travel time spent in this place.
 D = Time resting spent in this place.
 E = Time spent auto-exploring this place.
 F = Levels seen in this place.
 G = Mean time per level.
                   A        B        C        D        E       F      G
               +--------+--------+--------+--------+--------+-----+--------+
         Total |  33906 |  32852 |   1054 |  11358 |  16461 |  23 | 1474.2 |
       Dungeon |  17684 |  16908 |    776 |   3858 |  10532 |  13 | 1360.3 |
        Temple |    562 |    550 |     12 |    509 |      0 |   1 |  562.0 |
          Lair |  13606 |  13357 |    249 |   6347 |   4957 |   6 | 2267.7 |
  Orcish Mines |   1320 |   1303 |     17 |    406 |    640 |   2 |  660.0 |
       Ossuary |    731 |    731 |      0 |    238 |    332 |   1 |  731.0 |
               +--------+--------+--------+--------+--------+-----+--------+

Top non-repeatable levels by time:
  Lair:2: 3385 daAuts
  Lair:4: 3091 daAuts
  Lair:1: 2448 daAuts
  Lair:3: 2420 daAuts
     D:9: 2110 daAuts
  Lair:5: 2040 daAuts
    D:11: 1908 daAuts
     D:4: 1871 daAuts
     D:5: 1656 daAuts
     D:6: 1645 daAuts
    D:12: 1599 daAuts
     D:3: 1574 daAuts
    D:10: 1387 daAuts
     D:1: 1337 daAuts
     D:2: 1180 daAuts
